 Dungeon Crawl Stone Soup version 0.23.2-33-g5129a83 (webtiles) character file.

Game seed: 9878430949421969520

151 Aphrodieselac the Charmwright (level 5, 0/38 HPs)
             Began as a Merfolk Skald on Aug 6, 2019.
             Slain by a gnoll
             ... wielding a +0 club
              (8 damage)
             ... on level 3 of the Dungeon.
             The game lasted 00:08:28 (2468 turns).

Aphrodieselac the Charmwright (Merfolk Skald)       Turns: 2468, Time: 00:08:29

Health: 0/38       AC:  4    Str: 11    XL:     5   Next: 33%
Magic:  5/8        EV: 12    Int: 14    God:
Gold:   77         SH:  0    Dex: 13    Spells: 3/8 levels left

rFire    . . .     SeeInvis .   a - +0 spear
rCold    . . .     Gourm    .   (no shield)
rNeg     . . .     Faith    .   b - +0 leather armour
rPois    .         Spirit   .   i - +0 helmet
rElec    .         Reflect  .   (no cloak)
rCorr    .         Harm     .   (no gloves)
MR       .....                  (no boots)
Stlth    +.........             (no amulet)
HPRegen  0.12/turn              (no ring)
MPRegen  0.11/turn              (no ring)

@: singing (expiring)
A: change form in water, swift swim, stealthy swim
a: no special abilities


You were on level 3 of the Dungeon.
You were hungry.

You visited 1 branch of the dungeon, and saw 4 of its levels.

You collected 77 gold pieces.

Inventory:

Hand Weapons
 a - a +0 spear (weapon)
Armour
 b - a +0 leather armour (worn)
 h - a cursed +0 leather armour
 i - a +0 helmet (worn)
 j - a +2 leather armour of poison resistance
Jewellery
 l - an uncursed amulet of harm {unknown}
Scrolls
 c - a scroll of remove curse {unknown}
 e - 4 scrolls of identify {unknown}
 g - a scroll of immolation {unknown}
 n - a scroll of enchant armour {unknown}
Potions
 f - 2 potions of curing {unknown}
 m - a potion of resistance {unknown}
Comestibles
 d - 2 rations
 k - 2 chunks of flesh


   Skills:
 - Level 2.1 Fighting
 + Level 5.0 Polearms
 - Level 0.6 Armour
 - Level 2.6 Dodging
 - Level 2.0 Spellcasting
 * Level 5.6 Charms


You had 3 spell levels left.
You knew the following spells:

 Your Spells              Type           Power        Failure   Level  Hunger
a - Infusion              Chrm           ###.         3%          1    ##.....
b - Song of Slaying       Chrm           ###.....     4%          2    ###....
c - Shroud of Golubria    Chrm/Tloc      #.........   16%         2    ###....

Your spell library contained the following spells:

 Spells                   Type           Power        Failure   Level  Hunger
 Regeneration             Chrm/Necr      #.........   30%         3    ####...
 Spectral Weapon          Hex/Chrm       #.......     30%         3    ####...


Dungeon Overview and Level Annotations

Branches:
Dungeon (4/15)
 Temple: D:4-7

Altars:
Elyvilon
Xom
Yredelemnul

Annotations:
D:2 Sigmund


Message History

Aim: a gnoll, wielding a +0 halberd You reach to attack!
You hit the gnoll.
The gnoll is lightly wounded.
The gnoll hits you from afar with a +0 halberd!
The gnoll barely misses you.
There is a stone staircase leading up here.
Attack whom?
Press: ? - help, Dir - move target cursor, f - gnoll
Aim: a gnoll, wielding a +0 club You reach to attack!
You closely miss the gnoll.
Your song is almost over.
The gnoll hits you with a +0 club!
* * * LOW HITPOINT WARNING * * *
The gnoll closely misses you.
You climb upwards.
There is a stone staircase leading down, spattered with blood here.
You hit the gnoll.
The gnoll is lightly wounded.
The gnoll hits you with a +0 club!
You die...

#..................####
#.###############...... #.#
#............##### #.#
##.#########..# #
#.###...##### #.#.# #
#...........# ##..# #
#..##...###.# #..#####
#..###.## #.# #.......
#..###@####.####.######
#..##.g.......##.#
###..##............#
#........####.#.####
###.#..###.####.#.#
##.#.#............(#########
##....#...#..................
##.........#..........########
#..).....#####........###


You could see a gnoll.

Vanquished Creatures
  2 hounds
  Robin (D:2)
  A gnoll (D:4)
  An adder (D:4)
  2 worms
  2 dart slugs
  5 leopard geckos
  4 bats
  6 giant cockroaches
  13 goblins
  2 hobgoblins
  A quokka (D:2)
  2 ball pythons
  3 frilled lizards
  3 kobolds
  7 rats
  A spectral orc (D:2)
56 creatures vanquished.

Vanquished Creatures (others)
  A quokka (D:2)
1 creature vanquished.

Grand Total: 57 creatures vanquished

Notes
Turn   | Place    | Note
-------+----------+-------------------------------------------
     0 | D:1      | Aphrodieselac the Merfolk Skald began the quest for the
                  | Orb.
     0 | D:1      | Reached XP level 1. HP: 16/16 MP: 3/3
   205 | D:1      | Reached XP level 2. HP: 19/22 MP: 5/5
   678 | D:1      | Reached XP level 3. HP: 27/27 MP: 6/6
   926 | D:2      | Learned a level 2 spell: Song of Slaying
   929 | D:2      | Learned a level 2 spell: Shroud of Golubria
   930 | D:2      | Noticed Robin
  1156 | D:2      | Found a shimmering altar of Xom.
  1207 | D:2      | Reached XP level 4. HP: 16/33 MP: 2/7
  1220 | D:2      | Killed Robin
  1220 | D:2      | Reached skill level 5 in Charms
  1429 | D:2      | Found a white marble altar of Elyvilon.
  1527 | D:2      | Found a basalt altar of Yredelemnul.
  1564 | D:2      | Noticed Sigmund
  2180 | D:3      | Reached XP level 5. HP: 12/38 MP: 4/8
  2457 | D:4      | Reached skill level 5 in Polearms
  2468 | D:3      | Slain by a gnoll

Skill      XL: |  1  2  3  4  5 |
---------------+----------------+-----
Charms         | 4 5 |  5.6
Polearms       | 4 5 |  5.0
Fighting       | |  2.1
Armour         | |  0.6
Dodging        | |  2.6
Spellcasting   | |  2.0

Action                   |  1- 3 |  4- 6 || total
-------------------------+-------+-------++-------
Melee: Spear             |   153 |    91 ||   244
 Cast: Infusion          |     4 |     3 ||     7
       Shroud of Golubri |     1 |     2 ||     3
       Song of Slaying   |     1 |     1 ||     2
 Stab: Sleeping          |     1 |       ||     1
  Eat: Chunk             |     1 |     4 ||     5
Armor: Leather armour    |    36 |    11 ||    47
Dodge: Dodged            |    77 |    47 ||   124
